 Dungeon Crawl Stone Soup version 0.25.1-2-g60ff931df9 (webtiles) character file.

Game seed: 17463568930154023972

184 DearestLeader the Archer (level 5, -3/41 HPs)
             Began as a Centaur Hunter on Sept 17, 2020.
             Slain by a centaur (4 damage)
             ... on level 3 of the Dungeon.
             The game lasted 00:09:23 (2497 turns).

DearestLeader the Archer (Centaur Hunter)           Turns: 2497, Time: 00:09:24

Health: -3/41      AC:  6    Str: 14    XL:     5   Next: 36%
Magic:  5/5        EV:  8    Int: 10    God:
Gold:   91         SH:  0    Dex: 17    Spells: 4/4 levels left

rFire    . . .     SeeInvis .   c - +0 trident
rCold    . . .     Gourm    .   (no shield)
rNeg     . . .     Faith    .   g - +0 ring mail
rPois    +         Spirit   .   (no helmet)
rElec    .         Reflect  .   m - +0 cloak
rCorr    .         Harm     .   (no gloves)
MR       .....                  (no barding)
Stlth    +.........             (no amulet)
HPRegen  0.13/turn              k - ring of poison resistance
MPRegen  0.09/turn              p - +6 ring of dexterity

@: very quick
A: large, hooves 3, deformed body, speed 2, tough skin 3
a: no special abilities


You were on level 3 of the Dungeon.
You were not hungry.

You visited 1 branch of the dungeon, and saw 3 of its levels.

You collected 91 gold pieces.

Inventory:

Hand Weapons
 a - a +1 shortbow
 b - a +0 short sword
 c - a +0 trident (weapon)
Missiles
 d - 25 arrows
Armour
 g - a +0 ring mail (worn)
 l - a +0 plate armour
 m - a +0 cloak (worn)
 r - a +2 scale mail of cold resistance
Jewellery
 h - an uncursed ring of protection from cold
 k - a ring of poison resistance (left hand)
 p - a +6 ring of dexterity (right hand)
 s - an uncursed ring of resist corrosion
Scrolls
 e - 4 scrolls of remove curse
 o - a scroll of enchant weapon {unknown}
 t - a scroll of immolation {unknown}
Potions
 i - 3 potions of brilliance
 j - a potion of heal wounds
 q - a potion of resistance
Comestibles
 f - 3 rations
 n - 9 chunks of flesh


   Skills:
 - Level 2.0 Fighting
 + Level 0.3 Polearms
 * Level 8.8 Bows
 - Level 1.3 Dodging
 - Level 0.4 Stealth


You had 4 spell levels left.
You didn't know any spells.
Your spell library was empty.

Dungeon Overview and Level Annotations

Branches:
Dungeon (3/15)

Altars:


Innate Abilities, Weirdness & Mutations

You have hooves in place of feet.
Armour fits poorly on your strangely shaped body.
You cover ground very quickly.
You have extremely tough skin. (AC +3)


Message History

You are too injured to fight recklessly!
You hit the centaur but do no damage. Your kick misses the centaur.
The centaur is heavily wounded.
The centaur hits you but does no damage.
The centaur hits you.
You barely miss the centaur. Your kick misses the centaur.
The centaur is heavily wounded.
The centaur hits you. x2
* * * LOW HITPOINT WARNING * * *
Some of the chunks of flesh in your inventory have rotted away.
You puncture the centaur! You kick the centaur, but do no damage.
The centaur is almost dead.
The centaur hits you.
* * * LOW HITPOINT WARNING * * *
The centaur hits you.
* * * LOW HITPOINT WARNING * * *
Your ring mail prevents you from hitting the centaur.
The centaur is almost dead.
The centaur hits you.
You die...

.#.....#..#
.........##
....#....#
...#....##
#..#..#..##
##...###..##
#.....#..(.#
........##(#
..#..#####@#
####.#....c....#
# #.........#
............#
#.#.........#
.....########
..... .....


You could see a centaur.

Vanquished Creatures
  Terence (D:2)
  4 gnolls (D:2)
  2 adders
  2 oozes
  3 worms
  4 dart slugs
  2 leopard geckos (D:1)
  10 giant cockroaches
  6 goblins
  5 hobgoblins
  10 jackals
  A quokka (D:2)
  3 ball pythons (D:1)
  5 bats
  7 frilled lizards
  4 kobolds
  8 rats
77 creatures vanquished.

Notes
Turn   | Place    | Note
-------+----------+-------------------------------------------
     0 | D:1      | DearestLeader the Centaur Hunter began the quest for the
                  | Orb.
     0 | D:1      | Reached XP level 1. HP: 17/17 MP: 1/1
    98 | D:1      | Reached XP level 2. HP: 16/24 MP: 2/2
   100 | D:1      | Reached skill level 6 in Bows
   409 | D:1      | Reached XP level 3. HP: 29/29 MP: 3/3
   588 | D:1      | Reached skill level 7 in Bows
  1079 | D:2      | Reached XP level 4. HP: 36/36 MP: 4/4
  1538 | D:2      | Noticed Terence
  1597 | D:2      | Killed Terence
  1597 | D:2      | Reached skill level 8 in Bows
  1864 | D:2      | Reached XP level 5. HP: 41/41 MP: 5/5
  2486 | D:3      | Noticed a centaur
  2496 | D:3      | HP: 1/41 [centaur (6)]
  2497 | D:3      | Slain by a centaur

Illustrated notes

Levels and vault maps discovered:
D:1:      tarquinn_simple_flora_water_b, layout_loops_ring,
          nrook_mini_backslash, ebering_dispersal_statue_hall
D:2:      layout_basic, uniq_terence
D:3:      layout_rooms, minmay_strange_pillars

Skill      XL: |  1  2  3  4 |
---------------+-------------+-----
Bows           | 6 7 8 |  8.8
Fighting       | |  2.0
Polearms       | |  0.3
Dodging        | |  1.3
Stealth        | |  0.4

Action                   |  1- 3 |  4- 6 || total
-------------------------+-------+-------++-------
Melee: Club              |    18 |       ||    18
       Kick              |    17 |    21 ||    38
       Short sword       |    49 |    48 ||    97
       Trident           |       |    57 ||    57
 Fire: Shortbow          |    33 |    33 ||    66
  Use: Scroll            |     3 |     2 ||     5
  Eat: Chunk             |       |     4 ||     4
Armor: Leather armour    |     6 |       ||     6
       Ring mail         |    28 |    39 ||    67
Dodge: Dodged            |    36 |    40 ||    76
